 Dungeon Crawl Stone Soup version 0.31-a0-177-g4aa6249778 (webtiles) character file.

Game seed: 8914403053917886384

331 qw the Chopper (level 6, -3/38 HPs)
             Began as a Gargoyle Fighter on June 18, 2023.
             Slain by Duvessa
             ... wielding a +0 short sword
              (5 damage)
             ... on level 4 of the Dungeon.
             The game lasted 00:01:25 (2933 turns).

qw the Chopper (Gargoyle Fighter)                   Turns: 2933, Time: 00:01:25

Health: -3/38      AC: 17    Str: 22    XL:     6   Next: 51%
Magic:  6/6        EV:  6    Int:  8    God:
Gold:   150        SH:  4    Dex:  9    Spells: 5/5 levels left

rFire   . . .        Y - +0 war axe
rCold   . . .        c - +0 buckler
rNeg    + + .        j - +0 plate armour
rPois   inf          h - +2 hat
rElec   +            (no cloak)
rCorr   .            (no gloves)
SInv    .            (no boots)
Will    .....        i - amulet of the acrobat Stlth
                     e - ring of positive energy
HPRegen 0.26/turn    (no ring)
MPRegen 0.10/turn

%: acrobat
@: no status effects
A: sickness immunity, AC +4, negative energy resistance 1, electricity
resistance, torment resistance 1, petrification resistance
a: no special abilities


You were on level 4 of the Dungeon.
You visited 1 branch of the dungeon, and saw 4 of its levels.

You collected 150 gold pieces.


Innate Abilities, Weirdness & Mutations

You are immune to sickness and miasma.
Your stone body is resilient. (AC +4)
You are immune to poison.
You resist negative energy. (rN+)
You are resistant to electric shocks. (rElec)
You are resistant to unholy torment.
You are immune to petrification.


   Skills:
 - Level 4.0 Fighting
 + Level 5.8 Axes
 - Level 3.2 Armour
 - Level 3.2 Shields


You had 5 spell levels left.
You didn't know any spells.
Your spell library was empty.

Inventory:

Hand Weapons
 b - a +0 mace
 Y - a +0 war axe (weapon)
Missiles
 a - a boomerang (quivered)
Armour
 c - a +0 buckler (worn)
 f - a +0 pair of boots
 h - a +2 hat (worn)
 j - a +0 plate armour (worn)
Jewellery
 e - a ring of positive energy (left hand)
 i - an amulet of the acrobat (around neck)
Potions
 d - a potion of might
 g - a potion of curing {unknown}

Dungeon Overview and Level Annotations

Branches:
Dungeon (4/15)
 Temple: D:4-7

Altars:

Annotations:
D:2 1 runed translucent door, Crazy Yiuf
D:3 1 transporter, qw's ghost, amateur GrHu
D:4 Dowan; Duvessa


Message History

The hobgoblin is moderately wounded.
The hobgoblin hits you. The hobgoblin barely misses you.
You barely miss the hobgoblin.
The hobgoblin is moderately wounded.
The hobgoblin hits you but does no damage.
You hit the hobgoblin.
You kill the hobgoblin!
You hit Duvessa.
Duvessa is lightly wounded.
Duvessa hits you but does no damage. Duvessa hits you with a +0 short sword.
You barely miss Duvessa.
Duvessa is lightly wounded.
Duvessa hits you with a +0 short sword.
Dowan casts a spell.
Dowan blinks!
Duvessa barely misses you.
You barely miss Duvessa.
Duvessa is lightly wounded.
Duvessa hits you with a +0 short sword. x2; You block Dowan's attack.
You barely miss Duvessa.
Duvessa is lightly wounded.
You barely miss Dowan. Duvessa hits you with a +0 short sword!
You block Dowan's attack.
Duvessa says, "Where magic fails, the sword succeeds!"
Duvessa hits you with a +0 short sword.
You closely miss Duvessa.
Duvessa is lightly wounded.
You hit Dowan. Duvessa hits you with a +0 short sword.
Dowan casts a spell.
Dowan blinks!
Duvessa hits you with a +0 short sword.
You barely miss Duvessa.
Duvessa is lightly wounded.
Duvessa hits you with a +0 short sword. You block Duvessa's attack.
You hit Duvessa but do no damage.
Duvessa is lightly wounded.
You block Duvessa's attack. Duvessa barely misses you.
You slash Duvessa!
Duvessa is heavily wounded.
Duvessa barely misses you. Duvessa hits you with a +0 short sword.
You die...

#########
###########........
..##...##...#.....
#.#...%.........##
####.#....#....######
#........##.#........
#.##.#.####.#.######.
#.##.#......#@#
/###.##.########e#
........# .e.
####.#### ..... #.#.##
.......
####....####.........
...........+.........+
####....####.........#
#.#.##


You could see Duvessa (fast) and Dowan.

Vanquished Creatures
  Menkaure (D:3)
  A scorpion (D:4)
  Ijyb (D:3)
  7 adders
  A worm (D:3)
  A dart slug (D:3)
  2 orcs (D:3)
  5 endoplasms
  2 giant cockroaches
  2 goblins (D:3)
  8 hobgoblins
  4 quokkas
  10 ball pythons
  6 bats
  A frilled lizard (D:3)
  3 kobolds
  11 rats
66 creatures vanquished.

Notes
Turn   | Place    | Note
-------+----------+-------------------------------------------
     0 | D:1      | qw the Gargoyle Fighter began the quest for the Orb.
     0 | D:1      | Reached XP level 1. HP: 14/14 MP: 1/1
     0 | D:1      | 0 ||| qw: Version: 0.3-a-5-g6f28e65
     0 | D:1      | 0 ||| qw: Game counter: 689
     0 | D:1      | 0 ||| qw: Always use a shield: true
     0 | D:1      | 0 ||| qw: God list: Okawaru
     0 | D:1      | 0 ||| qw: Allow faded altars: false
     0 | D:1      | 0 ||| qw: Do Orc after D:15 true
     0 | D:1      | 0 ||| qw: Do second Lair branch before Depths: true
     0 | D:1      | 0 ||| qw: Lair rune preference: random
     0 | D:1      | 0 ||| qw: Plans: Normal, Zot:1-4, Slime:5, God:TSO, Crypt,
                  | Tomb, Abyss, Pan, Hells, Win
     0 | D:1      | 0 ||| PLANNING D:1-11
    24 | D:1      | 24 ||| Stepping ~*~*~tactically~*~*~ (stealth).
    36 | D:1      | Reached skill level 2 in Axes
   128 | D:1      | Reached XP level 2. HP: 19/19 MP: 2/2
   252 | D:1      | 252 ||| Stepping ~*~*~tactically~*~*~ (hiding).
   365 | D:1      | Reached skill level 3 in Axes
   448 | D:1      | Found a faded altar of an unknown god.
   629 | D:1      | Reached XP level 3. HP: 21/23 MP: 3/3
   759 | D:1      | 759 ||| UPGRADING to +2 hat.
   764 | D:1      | 764 ||| READING 2 scrolls labelled FEFOL VU DUYCLO.
   765 | D:1      | 765 ||| READING scroll labelled QIBUXI FIYGY.
   766 | D:1      | 766 ||| READING scroll labelled GAUTIOQ SEATI.
   767 | D:1      | 767 ||| READING scroll labelled QUX ASOCVAHILE.
   768 | D:1      | 768 ||| DROPPING scroll of poison.
  1015 | D:2      | 1015 ||| Stepping ~*~*~tactically~*~*~ (stealth).
  1023 | D:2      | Reached XP level 4. HP: 28/28 MP: 4/4
  1063 | D:2      | Reached skill level 4 in Axes
  1187 | D:2      | Found a runed translucent door.
  1188 | D:2      | Noticed Crazy Yiuf
  1374 | D:2      | 1374 ||| Stepping ~*~*~tactically~*~*~ (stealth).
  1603 | D:2      | 1603 ||| UPGRADING to +0 plate armour.
  1613 | D:2      | 1613 ||| DROPPING +0 scale mail.
  1614 | D:2      | 1614 ||| READING scroll labelled UNAUMA VELYMPE.
  1615 | D:2      | 1615 ||| READING scroll labelled FIOFEE TOMPETAF.
  1616 | D:2      | 1616 ||| READING scroll labelled ZORAIS VEASU.
  1923 | D:3      | Noticed qw's ghost (amateur GrHu)
  1935 | D:3      | 1935 ||| DROPPING +0 whip.
  1960 | D:3      | Found a transporter.
  2016 | D:3      | 2016 ||| Stepping ~*~*~tactically~*~*~ (hiding).
  2018 | D:3      | 2018 ||| Stepping ~*~*~tactically~*~*~ (hiding).
  2175 | D:3      | Reached XP level 5. HP: 29/32 MP: 5/5
  2214 | D:3      | 2214 ||| Stepping ~*~*~tactically~*~*~ (stealth).
  2216 | D:3      | 2216 ||| Stepping ~*~*~tactically~*~*~ (stealth).
  2265 | D:3      | Noticed Ijyb
  2274 | D:3      | Killed Ijyb
  2644 | D:3      | 2644 ||| DROPPING amulet of magic regeneration.
  2645 | D:3      | 2645 ||| UPGRADING to amulet of the acrobat.
  2650 | D:3      | 2650 ||| UPGRADING to ring of positive energy.
  2651 | D:3      | 2651 ||| READING scroll labelled KELAOF FIUD.
  2665 | D:4      | Noticed Menkaure
  2668 | D:4      | 2668 ||| STAIRDANCE
  2668 | D:4      | HP: 7/32 [Menkaure (15)]
  2671 | D:3      | Killed Menkaure
  2672 | D:3      | Reached skill level 5 in Axes
  2672 | D:3      | Reached XP level 6. HP: 9/37 MP: 6/6
  2920 | D:4      | Noticed Duvessa
  2920 | D:4      | Noticed Dowan
  2930 | D:4      | HP: 9/38 [Duvessa/+0 short sword (3)]
  2931 | D:4      | HP: 1/38 [Duvessa/+0 short sword (5)]
  2933 | D:4      | Slain by Duvessa

Levels and vault maps discovered:
D:1:      scummos_arrival_simple_crosswalls, layout_loops_ring,
          nicolae_ecumenical_lake_church
D:2:      layout_loops_cross, chequers_serial_rivers_room_a,
          uniq_crazy_yiuf_cottage
D:3:      minmay_spotlight, layout_basic, gammafunk_ghost_stat_death, uniq_ijyb
D:4:      layout_loops_corners, nicolae_overflow_hidden_temple,
          nicolae_zen_rock_garden, uniq_menkaure, uniq_duvessa, uniq_grinder

Skill      XL: |  1  2  3  4  5  6 |
---------------+-------------------+-----
Axes           | 2 3 4 5 |  5.8
Fighting       | 4 |  4.0
Armour         | |  3.2
Shields        | |  3.2

Action                     |  1- 3 |  4- 6 || total
---------------------------+-------+-------++-------
  Melee: War axe           |    93 |   134 ||   227
  Throw: Boomerang         |       |    22 ||    22
    Use: Scroll            |     4 |     4 ||     8
 Armour: Scale mail        |    54 |    16 ||    70
         Plate armour      |       |    63 ||    63
  Dodge: Dodged            |    40 |    45 ||    85
  Block: Buckler           |    17 |    28 ||    45

Table legend:
 A = Non-vault XP
 B = Vault XP
 C = Vault XP percentage of total XP
 D = Non-vault monster count
 E = Vault monster count
 F = Vault count percentage of total count
                 A         B        C        D         E       F
            +---------+---------+-------+---------+---------+-------
      Total |     267 |     206 |  43.6 |      60 |       6 |   9.1
            +---------+---------+-------+---------+---------+-------
        D:1 |      34 |       0 |   0.0 |      21 |       0 |   0.0
        D:2 |      82 |       0 |   0.0 |      15 |       0 |   0.0
        D:3 |      65 |     206 |  76.0 |      21 |       6 |  22.2
        D:4 |      86 |       0 |   0.0 |       3 |       0 |   0.0
            +---------+---------+-------+---------+---------+-------
